 Dungeon Crawl Stone Soup version 0.30.0-19-g36f170ea60 (webtiles) character file.

Game seed: 6517717533153750120

282 Graphine the Vexing (level 6, 0/47 HPs)
             Began as a Barachi Hexslinger on June 1, 2023.
             Slain by a centaur (1 damage)
             ... on level 4 of the Dungeon.
             The game lasted 00:05:07 (2642 turns).

Graphine the Vexing (Barachi Hexslinger)            Turns: 2642, Time: 00:05:09

Health: 0/47       AC:  4    Str: 11    XL:     6   Next: 28%
Magic:  9/10       EV: 14    Int: 14    God:
Gold:   214        SH:  0    Dex: 20    Spells: 6/10 levels left

rFire   . . .        a - +2 sling
rCold   . . .        (no shield)
rNeg    . . .        c - +0 robe
rPois   .            (no helmet)
rElec   .            n - +1 cloak
rCorr   .            (no gloves)
SInv    .            (no boots)
Will    .....        (no amulet)
Stlth   ++           g - +6 ring of dexterity
HPRegen 0.27/turn    (no ring)
MPRegen 0.12/turn

%: no passive effects
@: slow
A: amphibious, slowness 1, strong legs 1, +LOS
a: Hop


You were on level 4 of the Dungeon.
You visited 1 branch of the dungeon, and saw 4 of its levels.

You collected 214 gold pieces.

Inventory:

Hand Weapons
 a - a +2 sling (weapon)
 m - a +2 quarterstaff of chaos
Armour
 c - a +0 robe (worn)
 n - a +1 cloak (worn)
Magical Staves
 i - a staff of death
Jewellery
 g - a +6 ring of dexterity (left hand)
Scrolls
 b - a scroll of poison
 d - 3 scrolls of teleportation {unknown}
 f - a scroll of vulnerability {unknown}
 h - a scroll of blinking
 j - 3 scrolls of identify
Potions
 e - 2 potions of brilliance {unknown}
 k - a potion of might {unknown}
 l - a potion of heal wounds {unknown}


   Skills:
 + Level 3.3 Fighting
 + Level 3.2 Ranged Weapons
 + Level 3.6 Dodging
 + Level 2.8 Spellcasting
 + Level 4.4 Hexes


You had 6 spell levels left.
You knew the following spells:

 Your Spells              Type           Power      Damage    Failure   Level
a - Slow                  Hex            56%        N/A       3%          1
b - Portal Projectile     Hex/Tloc       16%        N/A       26%         3

Your spell library contained the following spells:

 Spells                   Type           Power      Damage    Failure   Level
 Tukima's Dance           Hex            14%        N/A       11%         3
 Inner Flame              Hex/Fire       8%         N/A       26%         3
 Cause Fear               Hex            7%         N/A       34%         4
 Blade Hands              Tmut           0%         N/A       99%         5


Dungeon Overview and Level Annotations

Branches:
Dungeon (4/15)
 Temple: D:4-7

Altars:

Shops:
D:2 (


Innate Abilities, Weirdness & Mutations

You are amphibious.
You cover ground slowly.
You can hop short distances.
You have an extended range of vision and can be seen from far away.


Message History

The centaur seems to slow down.
The centaur shoots an arrow.
The arrow hits you.
Fire: a) +2 sling
Press: ? - help, Shift-Dir - straight line, f/p - centaur
Aim: a centaur, wielding a +0 shortbow (lightly wounded, slow, 74% to hit)
You shoot a sling bullet.
The sling bullet hits the centaur but does no damage.
The centaur is lightly wounded.
The centaur shoots an arrow.
The arrow hits you!
* * * LOW HITPOINT WARNING * * *
The centaur shoots an arrow.
The arrow hits you.
* * * LOW HITPOINT WARNING * * *
Fire: a) +2 sling
Press: ? - help, Shift-Dir - straight line, f/p - centaur
Aim: a centaur, wielding a +0 shortbow (lightly wounded, slow, 74% to hit)
You shoot a sling bullet. The sling bullet hits the centaur!
The centaur is severely wounded.
Fire: a) +2 sling
Press: ? - help, Shift-Dir - straight line, f/p - centaur
Aim: a centaur, wielding a +0 shortbow (severely wounded, slow, 74% to hit)
You shoot a sling bullet. The sling bullet hits the centaur.
The centaur is severely wounded.
The centaur unwields a +0 shortbow.
The centaur closely misses you.
The centaur kicks you but does no damage.
Fire: a) +2 sling
Press: ? - help, Shift-Dir - straight line, f/p - centaur
Aim: a centaur (severely wounded, slow, 74% to hit)
You shoot a sling bullet.
The sling bullet barely misses the centaur.
The centaur hits you.
* * * LOW HITPOINT WARNING * * *
The centaur closely misses you.
Fire: a) +2 sling
Press: ? - help, Shift-Dir - straight line, f/p - centaur
Aim: a centaur (severely wounded, slow, 74% to hit)
You shoot a sling bullet.
The sling bullet hits the centaur but does no damage.
The centaur is severely wounded.
The centaur is no longer moving slowly.
The centaur hits you.
You die...

### ...
#.# #.#
#.#
#.#####.#
#>...)..#
#.#####.#
#@# #c#
..# ##.#
..# ###


You could see a centaur.

Vanquished Creatures
  Grinder (D:3)
  Crazy Yiuf (D:3)
  An adder (D:3)
  3 dart slugs
  3 endoplasms
  2 giant cockroaches (D:2)
  5 goblins (D:1)
  2 hobgoblins (D:1)
  2 jackals (D:1)
  6 kobolds
  4 ball pythons
  8 bats
  2 frilled lizards
  9 rats
  A spectral hobgoblin (D:2)
50 creatures vanquished.

Notes
Turn   | Place    | Note
-------+----------+-------------------------------------------
     0 | D:1      | Graphine the Barachi Hexslinger began the quest for the
                  | Orb.
     0 | D:1      | Reached XP level 1. HP: 15/15 MP: 2/2
   150 | D:1      | Reached XP level 2. HP: 21/21 MP: 1/3
   503 | D:1      | Reached XP level 3. HP: 25/27 MP: 3/5
  1061 | D:2      | Found Bapp's Antique Weapon Shoppe.
  1243 | D:2      | Found a faded altar of an unknown god.
  1558 | D:2      | Learned a level 3 spell: Portal Projectile
  1719 | D:3      | Noticed Grinder
  1743 | D:3      | HP: 1/27 [Grinder (4)]
  1746 | D:3      | Killed Grinder
  1747 | D:3      | Reached skill level 4 in Hexes
  1747 | D:3      | Reached XP level 4. HP: 2/35 MP: 0/8
  1747 | D:3      | Reached XP level 5. HP: 3/41 MP: 0/9
  1747 | D:3      | Reached XP level 6. HP: 3/47 MP: 0/10
  2060 | D:3      | Found a runed translucent door.
  2061 | D:3      | Noticed Crazy Yiuf
  2536 | D:3      | Killed Crazy Yiuf
  2638 | D:4      | HP: 1/47 [centaur/arrow (6)]
  2642 | D:4      | Slain by a centaur

Illustrated notes

Levels and vault maps discovered:
D:1:      amcnicky_arrival_flooded_fountain, layout_loops_ring
D:2:      layout_loops_ring, serial_shops, nicolae_shop_getting_attention,
          dreamdust_ecumenical_altar_drowned_temple
D:3:      layout_basic, uniq_grinder, uniq_crazy_yiuf_cottage
D:4:      layout_loops_ring, elyvilon_altar_1, mainiacjoe_overflow_catwalk

Skill      XL: |  1  2  3 |
---------------+----------+-----
Fighting       | 3 |  3.3
Ranged Weapons | 3 |  3.2
Dodging        | 3 |  3.6
Spellcasting   | 2 |  2.8
Hexes          | 4 |  4.4

Action                     |  1- 3 |  4- 6 || total
---------------------------+-------+-------++-------
  Melee: Staff             |       |     2 ||     2
         Quarterstaff      |       |     1 ||     1
         Sling             |       |     1 ||     1
   Fire: Sling             |   132 |    28 ||   160
   Cast: Slow              |    34 |     5 ||    39
    Use: Scroll            |     6 |       ||     6
         Potion            |     1 |       ||     1
 Armour: Robe              |    20 |     6 ||    26
  Dodge: Dodged            |    57 |    15 ||    72
